Map: Ruines d’Endion

Players

zidar - Winner!

  • Race: Zerg Zerg
  • League: Gold
  • Spawn Location: 5:00

John

  • Race: Zerg Zerg
  • League: Silver
  • Spawn Location: 7:00

VOD

Have the link to the VOD?

Description

Time

  • Played on: May 19, 2016, 2:32 p.m.
  • Length: 2:46
Show
View Real Time Build Order
Export as new Build Order

zidar Zerg - Winner!

Build Orders: Pool Only 

Get SALT Encoding   

  12  0:02  Drone  
  13  0:23  Spawning Pool  
  13  0:26  Drone  
  13  0:31  Extractor  
  12  0:39  Overlord  
  12  1:10  Zergling x2  
  12  1:11  Queen  
  15  1:12  Zergling x2  
  15  1:13  Zergling x2  
  17  1:21  Zergling x2  
  18  1:35  Zergling x2  
  19  1:45  Zergling x2  
  20  1:54  Overlord  
Show
View Real Time Build Order
Export as new Build Order

John Zerg 

Build Orders: 1 Base Baneling Bust, Pool Only 

Get SALT Encoding   

  12  0:01  Drone  
  13  0:12  Drone  
  14  0:18  Extractor  
  13  0:32  Spawning Pool, Drone  
  13  0:38  Drone  
  14  0:47  Overlord  
  14  0:57  Extractor, Drone  
  15  1:06  Drone  
  15  1:08  Drone  
  17  1:20  Evolution Chamber  
  17  1:22  Metabolic Boost  
  16  1:33  Drone  
  16  1:35  Zergling x2  
  16  1:39  Queen  
  20  2:01  Baneling Nest  
  20  2:03  Drone x3  
Tags
 
Add a new tag
Caveats
  • Supply blocks, unpowered buildings, or Contaminate may cause inaccurate times.
  • Supply counts are checked every 10 seconds.